 Dungeon Crawl Stone Soup version 0.27.0-1-g7a089689b8 (webtiles) character file.

Game seed: 10199719865856970646

306 Amplified the Chiller (level 6, -4/37 HPs)
             Began as a Gargoyle Ice Elementalist on Aug 4, 2021.
             Slain by Sigmund (8 damage)
             ... on level 3 of the Dungeon.
             The game lasted 00:09:42 (3592 turns).

Amplified the Chiller (Gargoyle Ice Elementalist)   Turns: 3592, Time: 00:09:43

Health: -4/37      AC:  6    Str: 12    XL:     6   Next: 39%
Magic:  10/10      EV: 12    Int: 17    God:
Gold:   172        SH:  0    Dex: 10    Spells: 2/11 levels left

rFire    + . .     SeeInvis +   k - +2 dagger (speed)
rCold    + . .     Faith    .   (no shield)
rNeg     + . .     Spirit   .   a - +0 robe
rPois    ∞         Reflect  +   (no helmet)
rElec    +         Harm     .   (no cloak)
rCorr    +         Rampage  .   (no gloves)
Will     .....                  (no boots)
Stlth    +.........             i - amulet of reflection
HPRegen  0.12/turn              f - ring of see invisible
MPRegen  0.12/turn              (no ring)

@: confused, brilliant, resistant, ambrosia-drunk, attractive, flying, hasted,
very quick
A: sickness immunity, AC +4, negative energy resistance 1, electricity
resistance, torment resistance 1, petrification resistance
a: no special abilities


You were on level 3 of the Dungeon.
You visited 1 branch of the dungeon, and saw 4 of its levels.
You also visited: Sewer.

You collected 172 gold pieces.

Inventory:

Hand Weapons
 k - a +2 dagger of speed (weapon)
Missiles
 b - 12 poisoned darts (quivered)
Armour
 a - a +0 robe (worn)
Jewellery
 f - a ring of see invisible (left hand)
 g - an amulet of faith
 i - an amulet of reflection (around neck)
 r - an amulet of regeneration
Scrolls
 j - a scroll of enchant armour
 n - a scroll of magic mapping
Potions
 p - a potion of resistance


   Skills:
 * Level 3.0 Fighting
 - Level 1.9 Armour
 - Level 2.2 Dodging
 - Level 2.1 Stealth
 * Level 3.3 Spellcasting
 * Level 1.5 Hexes
 * Level 4.9 Ice Magic


You had 2 spell levels left.
You knew the following spells:

 Your Spells              Type           Power      Damage    Failure   Level
a - Freeze                Ice            100%       1d11      2%          1
b - Frozen Ramparts       Ice            58%        1d7       7%          3
c - Metabolic Englaciati  Hex/Ice        10%        N/A       77%         5

Your spell library contained the following spells:

 Spells                   Type           Power      Damage    Failure   Level
 Ozocubu's Armour         Ice            29%        N/A       7%          3
 Dazzling Flash           Conj/Hex       16%        N/A       36%         3
 Hailstorm                Conj/Ice       16%        3d6       52%         4
 Iskenderun's Mystic Bla  Conj/Tloc      4%         2d3       86%         4
 Simulacrum               Ice/Necr       8%         N/A       100%        6
 Starburst                Conj/Fire      2%         8x6d3     100%        6


Dungeon Overview and Level Annotations

Branches:
Dungeon (4/15)              Sewer (visited)
 Temple: D:4-7

Altars:

Annotations:
D:3 Sigmund


Innate Abilities, Weirdness & Mutations

You are immune to sickness and miasma.
Your stone body is resilient. (AC +4)
You are immune to poison.
You resist negative energy. (rN+)
You are resistant to electric shocks. (rElec)
You are resistant to unholy torment.
You are immune to petrification.


Message History

Sigmund casts a spell at you. The puff of flame hits you!
You bump into the rock wall.
Unknown command.
It was a potion of resistance.
You feel protected.
Sigmund hits you from afar with a +0 scythe.
Unknown command.
Unknown command.
Unknown command.
Unknown command.
Sigmund closely misses you.
Unknown command.
Unknown command.
Okay, then.
You feel less confused.
Unknown command.
Okay, then.
Sigmund hits you from afar with a +0 scythe!
* * * LOW HITPOINT WARNING * * *
Unknown command.
Unknown command.
Sigmund casts a spell at you.
You are confused.
You bump into the rock wall.
Unknown command.
It was a potion of attraction.
You feel attractive to monsters. Sigmund is pulled toward you!
You bump into the rock wall.
Sigmund hits you with a +0 scythe.
* * * LOW HITPOINT WARNING * * *
Unknown command.
Unknown command.
It was a potion of brilliance.
You feel clever all of a sudden.
Unknown command.
It was a potion of ambrosia.
You are more confused.
You feel invigorated. Sigmund hits you with a +0 scythe!
You die...

###### #....# #.##.#
###################.#...
.......@@...............
#######.#######.#.#.#...
#.# #)#.#.#### #.#
#@#.#.#### #.#
#§#.#..... #. #.#
#§#.###### .## #.#
#§#.#..... ..# #.#
#§#.#.#### #.# #.#
#§#.#....#


You could see Sigmund (invisible).

Vanquished Creatures
  A water moccasin skeleton (D:4)
  An iguana (D:4)
  9 adders
  4 gnolls (D:2)
  A river rat (D:4)
  A worm (D:4)
  4 dart slugs
  An orc (D:3)
  2 endoplasms (D:2)
  7 giant cockroaches
  11 goblins
  7 hobgoblins
  4 jackals
  6 quokkas
  8 ball pythons
  6 bats
  5 frilled lizards
  7 kobolds
  11 rats
96 creatures vanquished.

Notes
Turn   | Place    | Note
-------+----------+-------------------------------------------
     0 | D:1      | Amplified the Gargoyle Ice Elementalist began the quest for
                  | the Orb.
     0 | D:1      | Reached XP level 1. HP: 10/10 MP: 3/3
   166 | D:1      | Reached XP level 2. HP: 16/16 MP: 3/5
   419 | D:1      | Reached skill level 1 in Fighting
   419 | D:1      | Reached skill level 1 in Armour
   493 | D:1      | Reached XP level 3. HP: 20/20 MP: 6/6
   934 | D:2      | Learned a level 3 spell: Frozen Ramparts
  1301 | D:2      | Reached XP level 4. HP: 21/25 MP: 4/7
  1522 | D:2      | You fall into a shaft and drop 1 floor!
  1812 | D:3      | Noticed Sigmund
  1917 | D:2      | Reached XP level 5. HP: 30/30 MP: 5/9
  1999 | D:2      | Learned a level 5 spell: Metabolic Englaciation
  2677 | D:2      | Found a faded altar of an unknown god.
  3090 | D:4      | Found a glowing drain.
  3154 | D:4      | Reached skill level 1 in Hexes
  3181 | D:4      | Reached XP level 6. HP: 23/36 MP: 1/10
  3249 | Sewer    | Entered a sewer
  3388 | Sewer    | Noticed Purgy
  3583 | D:3      | HP: 1/37 [Sigmund (11)]
  3590 | D:3      | HP: 1/37 [Sigmund (1)]
  3592 | D:3      | Slain by Sigmund

Illustrated notes

Levels and vault maps discovered:
D:1:      mushboom_english_gardens, layout_rooms
D:2:      minmay_chambers_of_twos, layout_basic, ebering_ecumenical_altar_hall
D:3:      layout_basic, mainiacjoe_overflow_tiny_flanked, gammafunk_ghost_smash,
          chequers_decorated_corner, chequers_serial_rivers_marsh,
          minmay_circle_x, uniq_sigmund
D:4:      layout_rooms, cheibrodos_sewer_entry_sluice,
          minmay_misc_feat_nine_boxes, hangedman_decor_points, moated_statue,
          kennysheep_flooded_box, hangedman_feature_mirror, uniq_grinder

Skill      XL: |  1  2  3  4  5  6 |
---------------+-------------------+-----
Fighting       | 1 2 3 |  3.0
Armour         | 1 |  1.9
Dodging        | 2 |  2.2
Spellcasting   | 3 |  3.3
Hexes          | 1 |  1.5
Stealth        | |  2.1
Ice Magic      | |  4.9

Action                   |  1- 3 |  4- 6 || total
-------------------------+-------+-------++-------
Melee: Dagger            |    59 |   163 ||   222
Throw: Dart              |     2 |    10 ||    12
 Cast: Freeze            |    36 |     5 ||    41
       Frozen Ramparts   |       |    16 ||    16
  Use: Scroll            |     3 |     5 ||     8
       Potion            |       |    13 ||    13
 Stab: Sleeping          |     3 |     3 ||     6
Armor: Robe              |    29 |    46 ||    75
Dodge: Dodged            |    71 |    94 ||   165
Block: Other             |     1 |    34 ||    35
       Reflection        |       |     1 ||     1
